 Dungeon Crawl Stone Soup version 0.31.0-9-g3a7656b989 (webtiles) character file.

Game seed: 12418607759619090931

99 Bnni the Shield-Bearer (level 4, -2/24 HPs)
             Began as a Vine Stalker Fighter on Feb 2, 2024.
             Slain by Natasha (4 damage)
             ... on level 2 of the Dungeon.
             The game lasted 00:01:19 (926 turns).

Bnni the Shield-Bearer (Vine Stalker Fighter)        Turns: 926, Time: 00:01:20

Health: -2/24      AC:  6    Str: 18    XL:     4   Next: 72%
Magic:  0/5        EV:  9    Int:  8    God:
Gold:   124        SH:  5    Dex: 16    Spells: 3/3 levels left

rFire   . . .        a - +0 rapier
rCold   . . .        c - +0 buckler
rNeg    . . .        b - +0 scale mail
rPois   .            (no helmet)
rElec   .            (no cloak)
rCorr   .            (no gloves)
SInv    .            (no boots)
Will    .....        (no amulet) Stlth
                     (no ring)
HPRegen 1.04/turn    (no ring)
MPRegen 0.09/turn

%: guardian spirit
@: no status effects
A: fangs 2, regeneration 1, magic shield, antimagic bite, no potion heal 2
a: no special abilities


You were on level 2 of the Dungeon.
You visited 1 branch of the dungeon, and saw 2 of its levels.

You collected 124 gold pieces.

Inventory:

Hand Weapons
 a - a +0 rapier (weapon)
Missiles
 h - 2 throwing nets (quivered)
Armour
 b - a +0 scale mail (worn)
 c - a +0 buckler (worn)
Scrolls
 e - a scroll of identify {unknown}
 g - a scroll of enchant armour {unknown}
 i - a scroll of blinking {unknown}
 k - a scroll of revelation {unknown}
 l - a scroll of teleportation {unknown}
 n - a scroll of enchant weapon {unknown}
 o - a scroll of poison {unknown}
Potions
 d - 3 potions of might
 f - a potion of degeneration {unknown}
 j - a potion of berserk rage {unknown}
 m - a potion of attraction {unknown}


   Skills:
 + Level 3.2 Fighting
 * Level 3.0 Short Blades
 - Level 2.4 Armour
 * Level 3.6 Shields


You had 3 spell levels left.
You didn't know any spells.
Your spell library was empty.

Dungeon Overview and Level Annotations

Branches:
Dungeon (2/15)

Altars:

Annotations:
D:2 Natasha


Innate Abilities, Weirdness & Mutations

You have extremely sharp teeth.
Your natural rate of healing is unusually fast.
When hurt, damage is shared between your health and your magic reserves.
Your bite disrupts and absorbs the magic of your enemies.
Potions cannot restore your health.


Message History

You kill the hobgoblin!
You block the cerulean imp's attack.
You closely miss the kobold. You bite the kobold.
You kill the kobold!
The cerulean imp hits you from afar with a +1 spear.
You hit Natasha but do no damage.
The cerulean imp hits you from afar with a +1 spear.
Natasha claws you.
You barely miss Natasha. You bite Natasha, but do no damage.
You block the cerulean imp's attack. Natasha claws you.
You barely miss Natasha. You bite Natasha, but do no damage.
The cerulean imp hits you from afar with a +1 spear.
Natasha claws you. The cerulean imp barely misses you.
You are too injured to fight recklessly!
You are too injured to fight recklessly!
You hit Natasha.
Natasha is lightly wounded.
Natasha claws you but does no damage.
The cerulean imp hits you from afar with a +1 spear.
You hit Natasha.
Natasha is heavily wounded.
The cerulean imp disappears in a puff of smoke!
Natasha claws you!
* * * LOW HITPOINT WARNING * * *
The cerulean imp hits you from afar with a +1 spear.
* * * LOW HITPOINT WARNING * * *
You closely miss Natasha. You bite Natasha.
Natasha's magic leaks into the air.
You drain her magic.
You feel invigorated.
Natasha is severely wounded.
Natasha claws you.
* * * LOW HITPOINT WARNING * * *
The cerulean imp hits you from afar with a +1 spear.
* * * LOW HITPOINT WARNING * * *
You block Natasha's attack.
You barely miss Natasha.
Natasha is severely wounded.
The cerulean imp disappears in a puff of smoke!
Natasha claws you.
You die...
Natasha begins licking her fur clean.

.#.########... ####.......#
.#.......##.#. #......#....
.#....##.#..#.##.######.#.#
+......<........# # .#
#....##>......#.# #
#######.###.....#
#####...#.# ......).#
.....##@# ..... #h# ..##
#gg.....# .. ##...####
##..# .... .... ... #..


You could see Natasha (magic disrupted), a hobgoblin and a goblin.

Vanquished Creatures
  Natasha (D:2)
  Robin (D:2)
  2 dart slugs (D:1)
  A ribbon worm (D:2)
  3 endoplasms (D:1)
  A giant cockroach (D:1)
  15 goblins
  5 hobgoblins
  5 jackals (D:1)
  4 kobolds
  2 quokkas (D:1)
  3 ball pythons (D:1)
  4 bats (D:1)
  2 frilled lizards
  A rat (D:2)
50 creatures vanquished.

Notes
Turn   | Place    | Note
-------+----------+-------------------------------------------
     0 | D:1      | Bnni the Vine Stalker Fighter began the quest for the Orb.
     0 | D:1      | Reached XP level 1. HP: 11/11 MP: 2/2
   104 | D:1      | Reached XP level 2. HP: 16/16 MP: 3/3
   428 | D:1      | Reached XP level 3. HP: 19/19 MP: 4/4
   784 | D:2      | Noticed Natasha
   803 | D:2      | Killed Natasha
   804 | D:2      | Reached XP level 4. HP: 16/24 MP: 5/5
   877 | D:2      | Noticed Robin
   895 | D:2      | Killed Robin
   904 | D:2      | Noticed Natasha
   925 | D:2      | HP: 1/24 [cerulean imp/+1 spear[Natasha] (1)]
   926 | D:2      | Slain by Natasha

Illustrated notes

Levels and vault maps discovered:
D:1:      dpeg_arrival_arbitrary_c, layout_loops_ring
D:2:      layout_basic, minmay_goblin_outpost, uniq_natasha, uniq_robin

Skill      XL: |  1  2  3  4 |
---------------+-------------+-----
Short Blades   | 2 3 |  3.0
Shields        | 3 |  3.6
Fighting       | 3 |  3.2
Armour         | |  2.4

Action                     |  1- 3 |  4- 6 || total
---------------------------+-------+-------++-------
  Melee: Rapier            |   104 |    48 ||   152
         Bite              |    24 |    16 ||    40
 Armour: Scale mail        |    61 |    32 ||    93
  Dodge: Dodged            |    43 |    13 ||    56
  Block: Buckler           |    17 |    13 ||    30
